 Dungeon Crawl Stone Soup version 0.29.0-4-gdea44cf6ec (webtiles) character file.

Game seed: 14476123665709801930

7700 qw the Grappler (level 11, 0/102 HPs)
             Began as a Troll Cinder Acolyte on Sept 1, 2022.
             Was a Follower of Ignis.
             Slain by a two-headed ogre
             ... wielding a +0 giant club
              (21 damage)
             ... on level 10 of the Dungeon.
             The game lasted 00:05:34 (8775 turns).

qw the Grappler (Troll Cinder Acolyte)              Turns: 8775, Time: 00:05:34

Health: 0/102      AC: 14    Str: 28    XL:     11   Next: 0%
Magic:  11/11      EV:  9    Int:  7    God:    Ignis [*.....]
Gold:   446        SH:  9    Dex:  9    Spells: 12/12 levels left

rFire   + + .      SeeInvis +     - Unarmed
rCold   x . .      Faith    .   c - +0 kite shield
rNeg    + . .      Spirit   .   m - +2 robe
rPois   .          Reflect  .   (helmet restricted)
rElec   +          Harm     .   e - +0 cloak
rCorr   .          Rampage  .   (gloves unavailable)
Will    .....                   (boots unavailable)
Stlth   +.........              (no amulet)
HPRegen 1.07/turn               f - ring of see invisible
MPRegen 0.12/turn               n - ring of the Final Nightmares {Fire rElec rN+ Int-3 Dex+4}

@: spiked, fiery-armoured
A: large, unfitting armour, claws 3, regeneration 1, shaggy fur 1, tough skin 1
a: Renounce Religion, Fiery Armour, Foxfire Swarm, Rising Flame


You were on level 10 of the Dungeon.
You worshipped Ignis.
Ignis was aware of your devotion.
You visited 1 branch of the dungeon, and saw 10 of its levels.
You also visited: Sewer.

You collected 639 gold pieces.
You spent 193 gold pieces at shops.


Innate Abilities, Weirdness & Mutations

You are too large for most types of armour.
You have claws for hands.
Your natural rate of healing is unusually fast.
You are covered in fur. (AC +1)
You have tough skin. (AC +1)


   Skills:
 - Level 5.0 Fighting
 - Level 1.1 Throwing
 - Level 2.3 Dodging
 - Level 9.0 Shields
 + Level 12.7 Unarmed Combat
 - Level 1.0 Spellcasting
 - Level 2.1 Fire Magic


You had 12 spell levels left.
You didn't know any spells.
Your spell library contained the following spells:

 Spells                   Type           Power      Damage    Failure   Level
 Scorch                   Fire           10%        2d6       45%         2

Inventory:

Missiles
 a - 5 boomerangs (quivered)
Armour
 c - a +0 kite shield (worn)
 e - a +0 cloak (worn)
 m - a +2 robe (worn)
Jewellery
 f - a ring of see invisible (left claw)
 n - the ring of the Final Nightmares (right claw) {Fire rElec rN+ Int-3 Dex+4}
   (You found it on level 7 of the Dungeon)

   [ring of fire]

   It enhances your fire magic.
   Int:       It affects your intelligence (-3).
   Dex:       It affects your dexterity (+4).
   rF:        It protects you from fire.
   rC:        It makes you vulnerable to cold.
   rElec:     It insulates you from electricity.
   rN:        It protects you from negative energy.
 Y - a ring of resist corrosion
Scrolls
 g - 8 scrolls of identify
 h - 3 scrolls of enchant weapon
Potions
 b - 4 potions of curing
 d - a potion of cancellation
 i - a potion of might
 j - a potion of mutation

Dungeon Overview and Level Annotations

Branches:
Dungeon (10/15)            Temple (0/1) D:7           Sewer (visited)
   Lair: D:8-11         Orc: D:9-12

Altars:
Dithmenos
Elyvilon
Fedhas
Gozag
Kikubaaqudgha
Makhleb
Okawaru
Qazlal
Uskayaw
Vehumet
Wu Jian
Xom
Yredelemnul
Zin

Shops:
D:4 =*?*?   D:5 ?   D:7 *

Annotations:
D:4 2 transporters, qw's ghost, novice TrCA
D:7 3 runed translucent doors, qw's ghost, novice TrCA


Message History

The two-headed ogre hits you with a +0 giant club!!
The two-headed ogre is burned by your cloak of flames.
The two-headed ogre is lightly wounded.
The two-headed ogre hits you with a +0 giant spiked club!!
The two-headed ogre is burned by your cloak of flames.
The two-headed ogre is lightly wounded.
The sun demon completely misses you.
You claw the sun demon!
The sun demon is heavily wounded.
You block the shadow imp's attack. The red devil closely misses you.
The sun demon hits you!
You are engulfed in flames.
You resist.
The sun demon completely resists.
You scratch the sun demon but do no damage.
The sun demon is heavily wounded.
You block the kobold demonologist's attack.
The shadow imp barely misses you. You block the red devil's attack.
The two-headed ogre hits you with a +0 giant club.
The two-headed ogre is burned by your cloak of flames.
The two-headed ogre is moderately wounded.
The two-headed ogre hits you but does no damage.
The two-headed ogre is burned by your cloak of flames.
The two-headed ogre is moderately wounded.
The sun demon hits you.
You are engulfed in flames.
You resist.
The sun demon completely resists.
You barely miss the sun demon.
The sun demon is heavily wounded.
The kobold demonologist hits you but does no damage.
The kobold demonologist is burned by your cloak of flames.
The kobold demonologist is lightly wounded.
The shadow imp hits you but does no damage.
The shadow imp is burned by your cloak of flames.
The shadow imp is lightly wounded.
The red devil hits you from afar with a +0 trident.
Barbed spikes become lodged in your body.
The sun demon hits you.
You are engulfed in flames.
You resist.
You scratch the sun demon.
The sun demon is heavily wounded.
You block the two-headed ogre's attack.
The two-headed ogre hits you with a +0 giant spiked club!!
You die...

#....<.......
#............
#............
#..#########.
#..# #..##
###...#
#..>..#
#.3@..#
#.K3O.#
#.45..#
#.....o.
###......
#........
#........
#........


You could see a soul eater (summoned), a two-headed ogre, a sun demon
(summoned), a kobold demonologist, a red devil (summoned), a shadow imp
(summoned) and an orc.

Vanquished Creatures
  An ugly thing (D:7)
  Prince Ribbit (D:6)
  Sigmund (D:5)
  15 yaks
  Menkaure (D:5)
  An acid dragon (D:8)
  Edmund (D:5)
  Duvessa (D:4)
  A water moccasin (D:6)
  2 black bears
  9 orc warriors
  3 ogres
  A centaur (D:6)
  A phantom (D:6)
  Blork the orc (D:4)
  4 bullfrogs
  A gnoll sergeant (D:7)
  3 scorpions
  3 necrophages (D:5)
  4 wights (D:6)
  2 water moccasin zombies (D:5)
  Dowan (D:4)
  9 killer bees (D:9)
  A howler monkey (D:8)
  A bullfrog zombie (D:5)
  5 orc priests
  A gnoll bouda (D:9)
  6 hounds
  Ijyb (D:4)
  3 iguanas
  13 orc wizards
  15 gnolls
  13 adders
  A river rat (D:3)
  4 white imps
  An ufetubus (D:5)
  9 worms
  A dart slug (D:3)
  47 orcs
  7 endoplasms
  8 giant cockroaches
  3 goblins
  5 hobgoblins
  3 jackals (D:1)
  5 quokkas
  21 ball pythons
  2 bats (D:1)
  15 frilled lizards
  9 kobolds
  A rat (D:1)
  A rat zombie (D:4)
269 creatures vanquished.

Vanquished Creatures (others)
  4 bushes (D:5)
  16 plants (D:5)
20 creatures vanquished.

Grand Total: 289 creatures vanquished

Notes
Turn   | Place    | Note
-------+----------+-------------------------------------------
     0 | D:1      | qw the Troll Cinder Acolyte began the quest for the Orb.
     0 | D:1      | Reached XP level 1. HP: 22/22 MP: 1/1
     0 | D:1      | 0 ||| qw: Version: 0.1-a-97-g2dd2ca4
     0 | D:1      | 0 ||| qw: Game counter: 4875
     0 | D:1      | 0 ||| qw: Always use a shield: true
     0 | D:1      | 0 ||| qw: God list: Okawaru
     0 | D:1      | 0 ||| qw: Allow faded altars: false
     0 | D:1      | 0 ||| qw: Do Orc after D:15 true
     0 | D:1      | 0 ||| qw: Do second Lair branch before Depths: true
     0 | D:1      | 0 ||| qw: Lair rune preference: random
     0 | D:1      | 0 ||| qw: Plans: Normal
     0 | D:1      | 0 ||| PLANNING D:1-11
   116 | D:1      | Reached XP level 2. HP: 24/29 MP: 2/2
   118 | D:1      | 118 ||| Stepping ~*~*~tactically~*~*~ (stealth).
   129 | D:1      | 129 ||| Stepping ~*~*~tactically~*~*~ (stealth).
   352 | D:1      | Reached skill level 4 in Unarmed Combat
   381 | D:1      | Reached XP level 3. HP: 36/36 MP: 3/3
   433 | D:1      | 433 ||| Stepping ~*~*~tactically~*~*~ (stealth).
   547 | D:1      | 547 ||| Stepping ~*~*~tactically~*~*~ (stealth).
   671 | D:1      | 671 ||| READING scroll labelled HAHUXA URUAHE.
   772 | D:1      | 772 ||| READING 3 scrolls labelled HYENUEMIUM.
   773 | D:1      | 773 ||| READING scroll labelled LACLYQ UNKIF.
   774 | D:1      | 774 ||| READING scroll labelled CEXATO DUMIAPO.
   775 | D:1      | 775 ||| READING scroll labelled SERILO DAIFY.
   779 | D:1      | 779 ||| DRINKING 2 silvery potions.
   780 | D:1      | 780 ||| READING 2 scrolls of identify.
   780 | D:1      | 780 ||| IDENTIFYING glowing cyan potion
   781 | D:1      | 781 ||| DROPPING potion of attraction.
   782 | D:1      | 782 ||| DROPPING potion of degeneration.
   888 | D:2      | 888 ||| Stepping ~*~*~tactically~*~*~ (stealth).
  1026 | D:2      | 1026 ||| INVOKING Fiery Armour.
  1029 | D:2      | 1029 ||| Stepping ~*~*~tactically~*~*~ (outnumbered).
  1030 | D:2      | 1030 ||| Stepping ~*~*~tactically~*~*~ (outnumbered).
  1031 | D:2      | 1031 ||| Stepping ~*~*~tactically~*~*~ (outnumbered).
  1038 | D:2      | Reached skill level 5 in Unarmed Combat
  1038 | D:2      | Reached XP level 4. HP: 38/44 MP: 4/4
  1041 | D:2      | Reached XP level 5. HP: 43/50 MP: 5/5
  1204 | D:2      | 1204 ||| Stepping ~*~*~tactically~*~*~ (stealth).
  1326 | D:2      | Found a faded altar of an unknown god.
  1459 | D:2      | 1459 ||| Stepping ~*~*~tactically~*~*~ (stealth).
  1460 | D:2      | 1460 ||| Stepping ~*~*~tactically~*~*~ (stealth).
  1461 | D:2      | 1461 ||| Stepping ~*~*~tactically~*~*~ (stealth).
  1468 | D:2      | Reached skill level 6 in Unarmed Combat
  1482 | D:2      | 1482 ||| Stepping ~*~*~tactically~*~*~ (stealth).
  1483 | D:2      | 1483 ||| Stepping ~*~*~tactically~*~*~ (stealth).
  1498 | D:2      | 1498 ||| Stepping ~*~*~tactically~*~*~ (outnumbered).
  1721 | D:2      | 1721 ||| UPGRADING to +0 cloak.
  1726 | D:2      | 1726 ||| READING scroll labelled FUDDEUVAGE.
  1727 | D:2      | 1727 ||| DRINKING 2 fizzy grey potions.
  1728 | D:2      | 1728 ||| READING 3 scrolls of identify.
  1728 | D:2      | 1728 ||| IDENTIFYING amethyst potion
  1729 | D:2      | 1729 ||| READING 2 scrolls of identify.
  1729 | D:2      | 1729 ||| IDENTIFYING sedimented red potion
  1745 | D:3      | 1745 ||| PLANNING SEWER
  2037 | D:3      | Found a white marble altar of Elyvilon.
  2354 | D:3      | Found a glowing drain.
  2355 | D:3      | 2355 ||| UPGRADING to +0 kite shield.
  2360 | D:3      | 2360 ||| READING 2 scrolls of identify.
  2360 | D:3      | 2360 ||| IDENTIFYING lumpy blue potion
  2361 | D:3      | 2361 ||| DROPPING potion of flight.
  2365 | Sewer    | Entered a sewer
  2461 | Sewer    | 2461 ||| Stepping ~*~*~tactically~*~*~ (outnumbered).
  2462 | Sewer    | 2462 ||| Stepping ~*~*~tactically~*~*~ (outnumbered).
  2463 | Sewer    | 2463 ||| Stepping ~*~*~tactically~*~*~ (outnumbered).
  2464 | Sewer    | 2464 ||| Stepping ~*~*~tactically~*~*~ (outnumbered).
  2465 | Sewer    | 2465 ||| Stepping ~*~*~tactically~*~*~ (outnumbered).
  2466 | Sewer    | 2466 ||| Stepping ~*~*~tactically~*~*~ (outnumbered).
  2467 | Sewer    | 2467 ||| Stepping ~*~*~tactically~*~*~ (outnumbered).
  2468 | Sewer    | 2468 ||| Stepping ~*~*~tactically~*~*~ (outnumbered).
  2469 | Sewer    | 2469 ||| Stepping ~*~*~tactically~*~*~ (outnumbered).
  2470 | Sewer    | 2470 ||| Stepping ~*~*~tactically~*~*~ (outnumbered).
  2471 | Sewer    | 2471 ||| Stepping ~*~*~tactically~*~*~ (outnumbered).
  2472 | Sewer    | 2472 ||| Stepping ~*~*~tactically~*~*~ (outnumbered).
  2473 | Sewer    | 2473 ||| Stepping ~*~*~tactically~*~*~ (outnumbered).
  2474 | Sewer    | 2474 ||| Stepping ~*~*~tactically~*~*~ (outnumbered).
  2475 | Sewer    | 2475 ||| Stepping ~*~*~tactically~*~*~ (outnumbered).
  2476 | Sewer    | 2476 ||| Stepping ~*~*~tactically~*~*~ (outnumbered).
  2479 | Sewer    | Reached skill level 1 in Shields
  2511 | Sewer    | Reached XP level 6. HP: 59/59 MP: 6/6
  2649 | Sewer    | Reached skill level 3 in Shields
  2902 | D:3      | 2902 ||| PLANNING D:1-11
  2902 | D:3      | 2902 ||| Stepping randomly (stuck).
  2984 | D:4      | Noticed Blork the orc
  3003 | D:4      | Killed Blork the orc
  3034 | D:4      | Found a hide-covered altar of Uskayaw.
  3068 | D:4      | Noticed qw's ghost (novice TrCA)
  3070 | D:4      | Found a transporter.
  3070 | D:4      | Found a transporter.
  3072 | D:4      | Identified the +9 dire flail of Trauma {venom, rElec}
  3091 | D:4      | Found Xeker's Assorted Antiques.
  3094 | D:4      | 3094 ||| BUYING bubbling puce potion (24 gold).
  3094 | D:4      | Bought a bubbling puce potion for 24 gold pieces
  3094 | D:4      | 3094 ||| BUYING fuming ruby potion (24 gold).
  3094 | D:4      | Bought a fuming ruby potion for 24 gold pieces
  3094 | D:4      | 3094 ||| BUYING potion of curing (81 gold).
  3094 | D:4      | Bought a potion of curing for 81 gold pieces
  3094 | D:4      | 3094 ||| BUYING ruby potion (24 gold).
  3094 | D:4      | Bought a ruby potion for 24 gold pieces
  3094 | D:4      | 3094 ||| SHOPLISTING scroll of identify (54 gold, have 46).
  3094 | D:4      | 3094 ||| SHOPLISTING scroll of teleportation (81 gold, have
                  | 46).
  3157 | D:4      | Found Fubueqil's Magic Scroll Shoppe.
  3157 | D:4      | Noticed Ijyb
  3165 | D:4      | Killed Ijyb
  3166 | D:4      | Reached XP level 7. HP: 50/66 MP: 7/7
  3185 | D:4      | 3185 ||| SHOPLISTING scroll of enchant armour (75 gold,
                  | have 46).
  3185 | D:4      | 3185 ||| BUYING scroll of identify (20 gold).
  3185 | D:4      | Bought a scroll of identify for 20 gold pieces
  3185 | D:4      | 3185 ||| BUYING scroll of identify (20 gold).
  3185 | D:4      | Bought a scroll of identify for 20 gold pieces
  3185 | D:4      | 3185 ||| SHOPLISTING scroll of teleportation (30 gold, have
                  | 6).
  3219 | D:4      | Found a radiant altar of Vehumet.
  3219 | D:4      | Found an ornate altar of the Wu Jian Council.
  3219 | D:4      | Found a glowing silver altar of Zin.
  3219 | D:4      | Found an opulent altar of Gozag.
  3225 | D:4      | Found a burning altar of Makhleb.
  3225 | D:4      | Found a shimmering altar of Xom.
  3249 | D:4      | Noticed Dowan
  3251 | D:4      | Found Ulimm's Magic Scroll Emporium.
  3251 | D:4      | Noticed Duvessa
  3252 | D:4      | 3252 ||| Stepping ~*~*~tactically~*~*~ (hiding).
  3255 | D:4      | 3255 ||| Stepping ~*~*~tactically~*~*~ (hiding).
  3256 | D:4      | 3256 ||| Stepping ~*~*~tactically~*~*~ (hiding).
  3257 | D:4      | 3257 ||| INVOKING Fiery Armour.
  3270 | D:4      | Killed Duvessa
  3272 | D:4      | Killed Dowan
  3291 | D:4      | 3291 ||| SHOPLISTING scroll of enchant armour (75 gold,
                  | have 6).
  3354 | D:4      | Identified the +0 dagger of Maorit {vamp, rC+ rN+ Int+4}
  3536 | D:4      | Found Qeavif's Jewellery Emporium.
  3540 | D:4      | 3540 ||| SHOPLISTING +4 ring of protection (396 gold, have
                  | 17).
  3540 | D:4      | 3540 ||| SHOPLISTING +6 ring of dexterity (396 gold, have
                  | 17).
  3540 | D:4      | 3540 ||| SHOPLISTING +6 ring of strength (396 gold, have
                  | 17).
  3540 | D:4      | 3540 ||| SHOPLISTING amulet of reflection (330 gold, have
                  | 17).
  3540 | D:4      | 3540 ||| SHOPLISTING amulet of the acrobat (330 gold, have
                  | 17).
  3540 | D:4      | 3540 ||| SHOPLISTING ring of protection from cold (275
                  | gold, have 17).
  3540 | D:4      | 3540 ||| SHOPLISTING ring of resist corrosion (220 gold,
                  | have 17).
  3540 | D:4      | 3540 ||| SHOPLISTING ring of willpower (275 gold, have 17).
  3722 | D:4      | Found an ancient bone altar of Kikubaaqudgha.
  3741 | D:4      | Found Suol Seom's General Store.
  3879 | D:4      | 3879 ||| UPGRADING to +2 robe.
  3889 | D:4      | 3889 ||| DROPPING +0 robe.
  3890 | D:4      | 3890 ||| UPGRADING to ring of resist corrosion.
  3891 | D:4      | 3891 ||| READING 2 scrolls labelled ZULAIT XISOCW.
  3892 | D:4      | 3892 ||| DRINKING 2 ruby potions.
  3893 | D:4      | 3893 ||| READING 6 scrolls of identify.
  3893 | D:4      | 3893 ||| IDENTIFYING bubbling puce potion
  3894 | D:4      | 3894 ||| READING 5 scrolls of identify.
  3894 | D:4      | 3894 ||| IDENTIFYING fuming ruby potion
  3895 | D:4      | 3895 ||| DROPPING potion of magic.
  3896 | D:4      | 3896 ||| DROPPING scroll of immolation.
  3928 | D:5      | Entered Level 5 of the Dungeon
  3963 | D:5      | Reached skill level 7 in Unarmed Combat
  3978 | D:5      | Noticed Menkaure
  3988 | D:5      | Killed Menkaure
  4027 | D:5      | Noticed Edmund
  4043 | D:5      | Killed Edmund
  4044 | D:5      | Reached skill level 6 in Shields
  4044 | D:5      | Reached XP level 8. HP: 65/74 MP: 8/8
  4056 | D:5      | Noticed Sigmund
  4062 | D:5      | Killed Sigmund
  4119 | D:5      | Found Nyal's Magic Scroll Boutique.
  4121 | D:5      | 4121 ||| Stepping ~*~*~tactically~*~*~ (stealth).
  4126 | D:5      | 4126 ||| Stepping ~*~*~tactically~*~*~ (outnumbered).
  4127 | D:5      | 4127 ||| Stepping ~*~*~tactically~*~*~ (outnumbered).
  4128 | D:5      | 4128 ||| Stepping ~*~*~tactically~*~*~ (outnumbered).
  4129 | D:5      | 4129 ||| Stepping ~*~*~tactically~*~*~ (outnumbered).
  4133 | D:5      | Reached skill level 8 in Unarmed Combat
  4159 | D:5      | 4159 ||| Stepping ~*~*~tactically~*~*~ (hiding).
  4189 | D:5      | 4189 ||| SHOPLISTING scroll of identify (24 gold, have 17).
  4189 | D:5      | 4189 ||| SHOPLISTING scroll of teleportation (36 gold, have
                  | 17).
  4198 | D:5      | 4198 ||| Stepping ~*~*~tactically~*~*~ (stealth).
  4199 | D:5      | 4199 ||| Stepping ~*~*~tactically~*~*~ (stealth).
  4239 | D:5      | 4239 ||| Stepping ~*~*~tactically~*~*~ (outnumbered).
  4241 | D:5      | Reached skill level 3 in Fighting
  4360 | D:5      | Found a blossoming altar of Fedhas.
  4449 | D:5      | 4449 ||| Stepping ~*~*~tactically~*~*~ (outnumbered).
  4450 | D:5      | 4450 ||| Stepping ~*~*~tactically~*~*~ (outnumbered).
  4451 | D:5      | 4451 ||| Stepping ~*~*~tactically~*~*~ (outnumbered).
  4452 | D:5      | 4452 ||| Stepping ~*~*~tactically~*~*~ (outnumbered).
  4455 | D:5      | 4455 ||| INVOKING Fiery Armour.
  4455 | D:5      | HP: 16/75 [gnoll/+0 whip (4)]
  4456 | D:5      | 4456 ||| READING scroll of teleportation.
  4457 | D:5      | 4457 ||| DRINKING 2 potions of heal wounds.
  4458 | D:5      | 4458 ||| Stepping ~*~*~tactically~*~*~ (outnumbered).
  4459 | D:5      | 4459 ||| Stepping ~*~*~tactically~*~*~ (outnumbered).
  4630 | D:5      | Reached skill level 9 in Unarmed Combat
  4714 | D:5      | 4714 ||| Stepping ~*~*~tactically~*~*~ (stealth).
  4717 | D:5      | 4717 ||| Stepping ~*~*~tactically~*~*~ (stealth).
  4870 | D:5      | Reached XP level 9. HP: 73/81 MP: 9/9
  4899 | D:5      | 4899 ||| READING 3 scrolls labelled CADWAARYEL.
  4918 | D:6      | Noticed Prince Ribbit
  4937 | D:6      | Killed Prince Ribbit
  5017 | D:6      | 5017 ||| Stepping ~*~*~tactically~*~*~ (outnumbered).
  5030 | D:6      | 5030 ||| FLEEEEING.
  5031 | D:6      | 5031 ||| FLEEEEING.
  5032 | D:6      | 5032 ||| FLEEEEING.
  5033 | D:6      | 5033 ||| FLEEEEING.
  5034 | D:6      | 5034 ||| FLEEEEING.
  5035 | D:6      | 5035 ||| FLEEEEING.
  5036 | D:6      | 5036 ||| FLEEEEING.
  5037 | D:6      | 5037 ||| FLEEEEING.
  5038 | D:6      | 5038 ||| FLEEEEING.
  5039 | D:6      | 5039 ||| FLEEEEING.
  5040 | D:6      | 5040 ||| FLEEEEING.
  5041 | D:6      | 5041 ||| FLEEEEING.
  5042 | D:6      | 5042 ||| FLEEEEING.
  5043 | D:6      | 5043 ||| FLEEEEING.
  5048 | D:6      | 5048 ||| FLEEEEING.
  5050 | D:6      | 5050 ||| FLEEEEING.
  5051 | D:6      | 5051 ||| FLEEEEING.
  5054 | D:6      | 5054 ||| FLEEEEING.
  5055 | D:6      | 5055 ||| STAIRDANCE
  5194 | D:6      | Reached skill level 10 in Unarmed Combat
  5265 | D:6      | Found an iron altar of Okawaru.
  5363 | D:6      | 5363 ||| Stepping ~*~*~tactically~*~*~ (outnumbered).
  5364 | D:6      | 5364 ||| Stepping ~*~*~tactically~*~*~ (outnumbered).
  5365 | D:6      | 5365 ||| Stepping ~*~*~tactically~*~*~ (outnumbered).
  5366 | D:6      | 5366 ||| Stepping ~*~*~tactically~*~*~ (outnumbered).
  5367 | D:6      | 5367 ||| Stepping ~*~*~tactically~*~*~ (outnumbered).
  5368 | D:6      | 5368 ||| Stepping ~*~*~tactically~*~*~ (outnumbered).
  5369 | D:6      | 5369 ||| Stepping ~*~*~tactically~*~*~ (outnumbered).
  5407 | D:6      | 5407 ||| Stepping ~*~*~tactically~*~*~ (outnumbered).
  5645 | D:6      | 5645 ||| READING 3 scrolls labelled QUIHAU DUIMUVA.
  5683 | D:6      | 5683 ||| READING scroll labelled UPTETI MAUJOC.
  5684 | D:6      | 5684 ||| READING 6 scrolls of identify.
  5684 | D:6      | 5684 ||| IDENTIFYING purple potion
  5685 | D:6      | 5685 ||| DROPPING potion of brilliance.
  5686 | D:6      | 5686 ||| DROPPING 2 scrolls of torment.
  5758 | D:7      | 5758 ||| Stepping ~*~*~tactically~*~*~ (outnumbered).
  5778 | D:7      | 5778 ||| DRINKING 5 potions of curing.
  5778 | D:7      | 5778 ||| (to cure confusion)
  5798 | D:7      | Found a runed translucent gate.
  5798 | D:7      | Identified the +0 plate armour of the Arcane {rPois Regen+}
  5799 | D:7      | Noticed qw's ghost (novice TrCA)
  5799 | D:7      | Found a runed translucent gate.
  5800 | D:7      | Found a runed translucent gate.
  5849 | D:7      | 5849 ||| Stepping ~*~*~tactically~*~*~ (outnumbered).
  5851 | D:7      | 5851 ||| Stepping ~*~*~tactically~*~*~ (outnumbered).
  5853 | D:7      | 5853 ||| Stepping ~*~*~tactically~*~*~ (outnumbered).
  5854 | D:7      | 5854 ||| INVOKING Fiery Armour.
  5975 | D:7      | Found a staircase to the Ecumenical Temple.
  6068 | D:7      | Identified the ring of the Final Nightmares {Fire rElec rN+
                  | Int-3 Dex+4}
  6094 | D:7      | 6094 ||| Stepping ~*~*~tactically~*~*~ (hiding).
  6095 | D:7      | 6095 ||| Stepping ~*~*~tactically~*~*~ (hiding).
  6096 | D:7      | 6096 ||| Stepping ~*~*~tactically~*~*~ (hiding).
  6097 | D:7      | 6097 ||| Stepping ~*~*~tactically~*~*~ (outnumbered).
  6103 | D:7      | Reached skill level 1 in Throwing
  6126 | D:7      | 6126 ||| Stepping ~*~*~tactically~*~*~ (stealth).
  6147 | D:7      | 6147 ||| Stepping ~*~*~tactically~*~*~ (hiding).
  6148 | D:7      | 6148 ||| Stepping ~*~*~tactically~*~*~ (hiding).
  6174 | D:7      | Noticed a brown ugly thing
  6186 | D:7      | 6186 ||| INVOKING Fiery Armour.
  6193 | D:7      | HP: 19/84 [brown ugly thing (6)]
  6194 | D:7      | 6194 ||| DRINKING potion of heal wounds.
  6195 | D:7      | Killed a brown ugly thing
  6302 | D:7      | Reached XP level 10. HP: 71/94 MP: 10/10
  6349 | D:7      | Found Lunienamm's CLEARANCE SALE!.
  6747 | D:7      | 6747 ||| DROPPING ring of magical power.
  6748 | D:7      | 6748 ||| UPGRADING to ring of the Final Nightmares {Fire
                  | rElec rN+ Int-3 Dex+4}.
  6784 | D:8      | 6784 ||| STAIRDANCE
  6848 | D:8      | 6848 ||| STAIRDANCE
  6910 | D:8      | 6910 ||| STAIRDANCE
  6971 | D:8      | 6971 ||| STAIRDANCE
  6973 | D:7      | 6973 ||| Stepping ~*~*~tactically~*~*~ (outnumbered).
  6974 | D:7      | 6974 ||| Stepping ~*~*~tactically~*~*~ (outnumbered).
  6975 | D:7      | 6975 ||| Stepping ~*~*~tactically~*~*~ (outnumbered).
  6976 | D:7      | 6976 ||| Stepping ~*~*~tactically~*~*~ (outnumbered).
  6978 | D:7      | 6978 ||| Stepping ~*~*~tactically~*~*~ (outnumbered).
  7085 | D:8      | 7085 ||| STAIRDANCE
  7087 | D:7      | 7087 ||| Stepping ~*~*~tactically~*~*~ (outnumbered).
  7193 | D:8      | 7193 ||| INVOKING Fiery Armour.
  7195 | D:8      | 7195 ||| Stepping ~*~*~tactically~*~*~ (outnumbered).
  7196 | D:8      | 7196 ||| Stepping ~*~*~tactically~*~*~ (outnumbered).
  7197 | D:8      | 7197 ||| Stepping ~*~*~tactically~*~*~ (outnumbered).
  7198 | D:8      | 7198 ||| Stepping ~*~*~tactically~*~*~ (outnumbered).
  7288 | D:8      | 7288 ||| Stepping ~*~*~tactically~*~*~ (hiding).
  7290 | D:8      | 7290 ||| Stepping ~*~*~tactically~*~*~ (hiding).
  7339 | D:8      | 7339 ||| Stepping ~*~*~tactically~*~*~ (stealth).
  7340 | D:8      | 7340 ||| Stepping ~*~*~tactically~*~*~ (stealth).
  7346 | D:8      | Reached skill level 11 in Unarmed Combat
  7347 | D:8      | 7347 ||| Stepping ~*~*~tactically~*~*~ (stealth).
  7353 | D:8      | 7353 ||| Stepping ~*~*~tactically~*~*~ (outnumbered).
  7356 | D:8      | 7356 ||| Stepping ~*~*~tactically~*~*~ (outnumbered).
  7358 | D:8      | 7358 ||| Stepping ~*~*~tactically~*~*~ (outnumbered).
  7360 | D:8      | 7360 ||| Stepping ~*~*~tactically~*~*~ (outnumbered).
  7366 | D:8      | 7366 ||| Stepping ~*~*~tactically~*~*~ (outnumbered).
  7367 | D:8      | 7367 ||| Stepping ~*~*~tactically~*~*~ (outnumbered).
  7368 | D:8      | 7368 ||| Stepping ~*~*~tactically~*~*~ (outnumbered).
  7369 | D:8      | 7369 ||| Stepping ~*~*~tactically~*~*~ (outnumbered).
  7370 | D:8      | 7370 ||| Stepping ~*~*~tactically~*~*~ (outnumbered).
  7371 | D:8      | 7371 ||| Stepping ~*~*~tactically~*~*~ (outnumbered).
  7372 | D:8      | 7372 ||| Stepping ~*~*~tactically~*~*~ (outnumbered).
  7373 | D:8      | 7373 ||| Stepping ~*~*~tactically~*~*~ (outnumbered).
  7374 | D:8      | 7374 ||| Stepping ~*~*~tactically~*~*~ (outnumbered).
  7375 | D:8      | 7375 ||| Stepping ~*~*~tactically~*~*~ (outnumbered).
  7376 | D:8      | 7376 ||| Stepping ~*~*~tactically~*~*~ (outnumbered).
  7385 | D:8      | Reached skill level 9 in Shields
  7568 | D:8      | Found a shadowy altar of Dithmenos.
  7588 | D:8      | 7588 ||| Stepping ~*~*~tactically~*~*~ (hiding).
  7590 | D:8      | 7590 ||| Stepping ~*~*~tactically~*~*~ (hiding).
  7707 | D:8      | 7707 ||| READING scroll labelled DETOSE IHECH.
  7764 | D:9      | 7764 ||| Stepping ~*~*~tactically~*~*~ (outnumbered).
  7766 | D:9      | 7766 ||| Stepping ~*~*~tactically~*~*~ (outnumbered).
  7846 | D:9      | Found a stormy altar of Qazlal.
  7870 | D:9      | 7870 ||| INVOKING Fiery Armour.
  7875 | D:9      | HP: 22/94 [poisoned by a killer bee]
  7880 | D:9      | HP: 20/94 [poisoned by a killer bee]
  8016 | D:9      | 8016 ||| INVOKING Fiery Armour.
  8017 | D:9      | 8017 ||| Stepping ~*~*~tactically~*~*~ (outnumbered).
  8018 | D:9      | 8018 ||| Stepping ~*~*~tactically~*~*~ (outnumbered).
  8019 | D:9      | 8019 ||| Stepping ~*~*~tactically~*~*~ (outnumbered).
  8020 | D:9      | 8020 ||| Stepping ~*~*~tactically~*~*~ (outnumbered).
  8021 | D:9      | 8021 ||| Stepping ~*~*~tactically~*~*~ (outnumbered).
  8023 | D:9      | 8023 ||| Stepping ~*~*~tactically~*~*~ (outnumbered).
  8034 | D:9      | HP: 23/94 [yak (1)]
  8035 | D:9      | Reached skill level 12 in Unarmed Combat
  8035 | D:9      | 8035 ||| READING scroll of teleportation.
  8166 | D:9      | Found a basalt altar of Yredelemnul.
  8195 | D:9      | 8195 ||| INVOKING Fiery Armour.
  8196 | D:9      | 8196 ||| Stepping ~*~*~tactically~*~*~ (outnumbered).
  8213 | D:9      | 8213 ||| Stepping ~*~*~tactically~*~*~ (outnumbered).
  8232 | D:9      | 8232 ||| Stepping ~*~*~tactically~*~*~ (outnumbered).
  8244 | D:9      | 8244 ||| Stepping ~*~*~tactically~*~*~ (outnumbered).
  8248 | D:9      | HP: 23/96 [orc warrior/bolt (12)]
  8523 | D:9      | 8523 ||| INVOKING Fiery Armour.
  8526 | D:9      | HP: 24/96 [poisoned by a killer bee]
  8531 | D:9      | Reached XP level 11. HP: 18/102 MP: 11/11
  8531 | D:9      | HP: 18/102 [poisoned by a killer bee]
  8536 | D:9      | HP: 18/102 [poisoned by a killer bee]
  8736 | D:9      | 8736 ||| UPGRADING to ring of see invisible.
  8754 | D:10     | Entered Level 10 of the Dungeon
  8765 | D:10     | Noticed a two-headed ogre
  8765 | D:10     | Noticed a soul eater
  8768 | D:10     | 8768 ||| INVOKING Fiery Armour.
  8770 | D:10     | Noticed a sun demon
  8774 | D:10     | HP: 20/102 [sun demon[a kobold demonologist] (6)]
  8775 | D:10     | Slain by a two-headed ogre

Levels and vault maps discovered:
D:1:      psy_arrival_dodecagon, layout_loops_ring, grunt_decor_fettered,
          minmay_tromino_v4_c
D:2:      cheibrodos_pilgrimage, layout_loops_corners,
          hellmonk_ecumenical_altar_pennies_from_heaven, nicolae_wormholes
D:3:      layout_rooms, nicolae_elyvilon_peaceful_grove, gup_sewer_entry_spiral
D:4:      layout_gridville, eat_drink_and_be_merry_uskayaw,
          lemuel_zombie_altar_kikubaaqudgha, minmay_overflow_temple_hex,
          gammafunk_ghost_smash, serial_shops, kennysheep_mini_moat, shop, shop,
          nicolae_stop_n_shop_1, shop_scrolls, uniq_blork_the_orc, uniq_duvessa,
          uniq_ijyb
D:5:      layout_basic, fedhas_altar_decomposition, serial_shops,
          nicolae_shop_trees, sigmund_edmund_badplayer, uniq_menkaure
D:6:      layout_basic, mainiacjoe_overflow_six_doors_small, uniq_prince_ribbit1
D:7:      layout_basic, minmay_temple_entry_junction,
          biasface_ghost_orc_armoury, nicolae_shop_clearance
D:8:      layout_rooms, nicolae_dithmenos_shadow_blocks, grunt_ogre_cave
D:9:      layout_roguey [special_room_orc], mainiacjoe_overflow_cross_hatched,
          mainiacjoe_overflow_boulevard
D:10:     layout_irregular_city, mainiacjoe_overflow_catwalk_spiral,
          due_lair_maze_entry_diamond, serial_shops, nicolae_lakefront_shop,
          kennysheep_generic_room_13

Skill      XL: |  1  2  3  4  5  6  7  8  9 10 |
---------------+-------------------------------+-----
Unarmed Combat | 4 5 6 7 9 10 12 | 12.7
Shields        | 1 3 6 7 8 9 |  9.0
Fighting       | 3 4 5 |  5.0
Dodging        | 2 |  2.3
Throwing       | 1 |  1.1
Spellcasting   | |  1.0
Fire Magic     | |  2.1

Action                   |  1- 3 |  4- 6 |  7- 9 | 10-12 || total
-------------------------+-------+-------+-------+-------++-------
Melee: Unarmed           |    97 |   174 |   331 |   212 ||   814
       Punch             |     2 |     2 |       |       ||     4
Throw: Boomerang         |       |       |     7 |    20 ||    27
Invok: Fiery Armour      |     1 |       |     4 |     6 ||    11
  Use: Scroll            |     6 |     4 |     8 |     2 ||    20
       Potion            |     1 |     1 |     4 |       ||     6
Armor: Robe              |    38 |    50 |   104 |    81 ||   273
Dodge: Dodged            |    37 |    55 |    89 |    87 ||   268
Block: Kite shield       |       |    24 |   111 |   106 ||   241

Table legend:
 A = Non-vault XP
 B = Vault XP
 C = Vault XP percentage of total XP
 D = Non-vault monster count
 E = Vault monster count
 F = Vault count percentage of total count
                 A         B        C        D         E       F
            +---------+---------+-------+---------+---------+-------
      Total |    7992 |    3009 |  27.4 |     185 |      84 |  31.2
            +---------+---------+-------+---------+---------+-------
        D:1 |      53 |       3 |   5.4 |      26 |       2 |   7.1
        D:2 |      73 |     142 |  66.0 |      23 |      10 |  30.3
        D:3 |      11 |      58 |  84.1 |       5 |       7 |  58.3
        D:4 |     162 |     361 |  69.0 |      14 |       5 |  26.3
        D:5 |     714 |    1021 |  58.8 |      21 |       9 |  30.0
        D:6 |    1228 |     296 |  19.4 |      24 |       1 |   4.0
        D:7 |    1438 |       0 |   0.0 |      28 |       0 |   0.0
        D:8 |    2246 |     112 |   4.7 |      20 |       1 |   4.8
        D:9 |    2067 |     770 |  27.1 |      24 |      25 |  51.0
      Sewer |       0 |     246 | 100.0 |       0 |      24 | 100.0
            +---------+---------+-------+---------+---------+-------
